 Dungeon Crawl Stone Soup version 0.18-a0-1195-g77a4f03 (webtiles) character file.

63 Kidiri the Conjurer (level 3, -4/19 HPs)
             Began as a Deep Elf Conjurer on Jan 29, 2016.
             Killed from afar by Terence (10 damage)
             ... with a wand of flame
             ... on level 2 of the Dungeon.
             The game lasted 00:05:46 (2177 turns).

Kidiri the Conjurer (Deep Elf Conjurer)             Turns: 2177, Time: 00:05:46

Health: -4/19      AC:  3    Str:  5    XL:     3   Next: 89%
Magic:  7/10       EV: 11    Int: 20    God:
Gold:   45         SH:  4    Dex: 15    Spells: 3 memorised, 4 levels left

rFire  . . .     SeeInvis .     f - +0 dagger
rCold  . . .     Gourm    .     i - +0 leather armour
rNeg   . . .     Faith    .     e - +0 buckler
rPois  .         Spirit   .     (no helmet)
rElec  .         Dismiss  .     (no cloak)
rCorr  .         Reflect  .     (no gloves)
SustAt .         Harm     .     (no boots)
MR     .....                    (no amulet)
Stlth  ++........               (no ring)
                                (no ring)

@: very slightly contaminated, not resistant to hostile enchantments, unstealthy
A: no striking features
a: no special abilities


You were on level 2 of the Dungeon.
You were not hungry.

You visited 1 branch of the dungeon, and saw 2 of its levels.

You collected 45 gold pieces.

Inventory:

Hand Weapons
 f - a +0 dagger (weapon)
Armour
 e - a +0 buckler (worn)
 i - a +0 leather armour (worn)
Books
 b - a book of Conjurations

   Spells                             Type                      Level
   a - Magic Dart                     Conjuration                  1
   b - Searing Ray                    Conjuration                  2
   c - Dazzling Spray                 Conjuration/Hexes            3
   d - Fulminant Prism                Conjuration/Hexes            4
   e - Iskenderun's Mystic Blast      Conjuration                  4
   f - Iskenderun's Battlesphere      Conjuration/Charms           5
Comestibles
 a - 2 chunks of flesh
 c - a bread ration
 h - a meat ration


   Skills:
 + Level 0.1 Fighting
 + Level 0.2 Armour
 * Level 3.1 Dodging
 + Level 2.7 Stealth
 + Level 0.7 Shields
 * Level 4.0 Spellcasting
 * Level 4.7 Conjurations
 + Level 1.0 Hexes


You had 4 spell levels left.
You knew the following spells:

 Your Spells              Type           Power        Failure   Level  Hunger
a - Magic Dart            Conj           ###.         6%          1    None
b - Searing Ray           Conj           ###...       10%         2    #......
c - Dazzling Spray        Conj/Hex       ###.....     34%         3    ###....


Dungeon Overview and Level Annotations

Branches:
Dungeon (2/15)

Altars:

Annotations:
D:2 Terence


Message History

You continue eating. x2
Done waiting.
Okay, then.
Found a dagger.
Casting: Magic Dart
Confirm with . or Enter, or press ? or * to list all spells.
Aiming: Dazzling Spray
Press: ? - help, Shift-Dir - straight line, f - Terence
Aim: Terence, wielding a flail, wearing a chain mail and carrying a wand of flame {zapped: 4} (hasn't noticed you)
You miscast Dazzling Spray.
You are very lightly contaminated with residual magic.
Your hands glow momentarily.
Terence shouts!
Terence zaps a wand.
The puff of flame hits you!
Ouch! That really hurt!
* * * LOW HITPOINT WARNING * * *
You aren't carrying any items that can be evoked.
Terence zaps a wand.
The puff of flame hits you!
Ouch! That really hurt!
You die...

##.####..###### ########....PP
#........########.............♣
####.........................
##.#.##....................##
#...................## #...#
##.#.##÷.............# #...#
#.#.##...#..........# #...####
#.#.##...#..........# #@......
#.#.##...#....@.....# #.....#.
............#.#...### #.....+.
###.###.###.#@##########....##.
#.#.#.....#). .............
#.#.÷...#.############.#..###
#.................. ...#.####
###.#####.##############...@.
#............# #####.
#######.####.# #.


You could see Terence.

Vanquished Creatures
  2 adders (D:2)
  A gnoll (D:1)
  A worm (D:2)
  A giant cockroach (D:1)
  3 goblins
  7 hobgoblins (D:1)
  5 jackals (D:1)
  3 kobolds (D:1)
  3 bats
  3 giant newts
  2 rats (D:1)
31 creatures vanquished.

Notes
Turn   | Place    | Note
--------------------------------------------------------------
     0 | D:1      | Kidiri the Deep Elf Conjurer began the quest for the Orb.
     0 | D:1      | Reached XP level 1. HP: 10/10 MP: 6/6
   233 | D:1      | Reached XP level 2. HP: 12/15 MP: 0/8
   237 | D:1      | Learned a level 2 spell: Searing Ray
  1299 | D:1      | Reached XP level 3. HP: 19/19 MP: 2/10
  1304 | D:1      | Learned a level 3 spell: Dazzling Spray
  1762 | D:2      | Noticed Terence
  2011 | D:2      | Reached skill level 1 in Hexes
  2177 | D:2      | Killed from afar by Terence

Vault maps used:
D:1:      dpeg_arrival_concentric_ovals
D:2:      marbit_many_paths, first_bread, uniq_crazy_yiuf_cottage, uniq_robin,
          uniq_natasha, uniq_terence

Action                   || total
-------------------------++-------
Melee: Club              ||    10
 Cast: Magic Dart        ||    72
  Use: Scroll            ||     3
       Potion            ||     1
  Eat: Chunk             ||     4
